 Dungeon Crawl Stone Soup version 0.31-a0-182-gc5ef74bbde (webtiles) character file.

Game seed: 1145396879687138312

39 qw the Chopper (level 3, 0/23 HPs)
             Began as a Gargoyle Fighter on June 20, 2023.
             Slain by a gnoll
             ... wielding a +0 spear
              (6 damage)
             ... on level 1 of the Dungeon.
             The game lasted 00:00:21 (463 turns).

qw the Chopper (Gargoyle Fighter)                    Turns: 463, Time: 00:00:21

Health: 0/23       AC: 10    Str: 21    XL:     3   Next: 45%
Magic:  3/3        EV:  9    Int:  8    God:
Gold:   6          SH:  4    Dex:  9    Spells: 2/2 levels left

rFire   . . .        a - +0 war axe
rCold   . . .        c - +0 buckler
rNeg    + . .        b - +0 scale mail
rPois   inf          (no helmet)
rElec   +            (no cloak)
rCorr   .            (no gloves)
SInv    .            (no boots)
Will    .....        (no amulet) Stlth
                     (no ring)
HPRegen 0.23/turn    (no ring)
MPRegen 0.08/turn

%: no passive effects
@: no status effects
A: sickness immunity, AC +3, negative energy resistance 1, electricity
resistance, torment resistance 1, petrification resistance
a: no special abilities


You were on level 1 of the Dungeon.
You visited 1 branch of the dungeon, and saw 1 of its levels.

You collected 6 gold pieces.


Innate Abilities, Weirdness & Mutations

You are immune to sickness and miasma.
Your stone body is resilient. (AC +3)
You are immune to poison.
You resist negative energy. (rN+)
You are resistant to electric shocks. (rElec)
You are resistant to unholy torment.
You are immune to petrification.


   Skills:
 - Level 3.2 Fighting
 + Level 3.4 Axes
 - Level 3.2 Armour
 - Level 3.2 Shields


You had 2 spell levels left.
You didn't know any spells.
Your spell library was empty.

Inventory:

Hand Weapons
 a - a +0 war axe (weapon)
 k - a +0 club
Missiles
 g - 2 boomerangs (quivered)
Armour
 b - a +0 scale mail (worn)
 c - a +0 buckler (worn)
Scrolls
 e - 3 scrolls of identify {unknown}
 i - a scroll of fear {unknown}
 j - a scroll of amnesia {unknown}
Potions
 d - a potion of might
 f - a potion of attraction {unknown}
 h - a potion of degeneration {unknown}
 l - a potion of haste {unknown}

Dungeon Overview and Level Annotations

Branches:
Dungeon (1/15)

Altars:


Message History

You barely miss the quokka.
A goblin comes into view. It is wielding a +0 club.
The gnoll hits you from afar with a +0 spear.
The quokka bites you but does no damage.
You hit the quokka.
The quokka is almost dead.
The quokka misses you.
The gnoll hits you from afar with a +0 spear!
The quokka bites you but does no damage.
The gnoll hits you but does no damage.
You slash the quokka!
You kill the quokka!
The gnoll hits you but does no damage.
You barely miss the goblin. The gnoll hits you but does no damage.
The goblin hits you with a +0 club. The goblin hits you but does no damage.
The gnoll hits you from afar with a +0 spear.
You hit the goblin.
The goblin is heavily wounded.
The gnoll barely misses you. The goblin hits you but does no damage.
You miss the goblin.
The goblin is heavily wounded.
The gnoll hits you but does no damage. The goblin hits you with a +0 club.
You closely miss the goblin.
The goblin is heavily wounded.
The gnoll hits you from afar with a +0 spear.
The goblin hits you with a +0 club. The goblin barely misses you.
You block the gnoll's attack.
You barely miss the goblin.
The goblin is heavily wounded.
The gnoll barely misses you. The goblin hits you but does no damage.
You slash the goblin!
You kill the goblin!
The gnoll barely misses you.
The giant cockroach bites you but does no damage.
You barely miss the giant cockroach. The gnoll hits you but does no damage.
The giant cockroach closely misses you.
The giant cockroach bites you but does no damage.
The gnoll hits you from afar with a +0 spear.
You die...

#...#..#.<.#..#..
##............... .
#..#...#.#.#.#... ..
##...#........... ...
#......#....#.... ....
##.......#....... .....
#..........#.....
#...l###%..............
#.gB@.#.#.#.#.#.#.#.#
#.#.#.###############
#...# #...###.## #####
#......... ###...###.##
........#.## ####......
#.##.....####
.....##.#####


You could see a gnoll, a giant cockroach and a frilled lizard.

Vanquished Creatures
  2 dart slugs (D:1)
  4 endoplasms (D:1)
  A giant cockroach (D:1)
  3 goblins (D:1)
  4 hobgoblins (D:1)
  2 kobolds (D:1)
  3 quokkas (D:1)
  A ball python (D:1)
  6 bats (D:1)
  A frilled lizard (D:1)
  2 rats (D:1)
29 creatures vanquished.

Notes
Turn   | Place    | Note
-------+----------+-------------------------------------------
     0 | D:1      | qw the Gargoyle Fighter began the quest for the Orb.
     0 | D:1      | Reached XP level 1. HP: 14/14 MP: 1/1
     0 | D:1      | 0 ||| qw: Version: 0.3-a-9-g12657ce
     0 | D:1      | 0 ||| qw: Game counter: 1371
     0 | D:1      | 0 ||| qw: Always use a shield: true
     0 | D:1      | 0 ||| qw: God list: Okawaru
     0 | D:1      | 0 ||| qw: Allow faded altars: false
     0 | D:1      | 0 ||| qw: Do Orc after D:15 true
     0 | D:1      | 0 ||| qw: Do second Lair branch before Depths: true
     0 | D:1      | 0 ||| qw: Lair rune preference: random
     0 | D:1      | 0 ||| qw: Plans: Normal, Zot:1-4, Slime:5, God:TSO, Crypt,
                  | Tomb, Abyss, Pan, Hells, Win
     0 | D:1      | 0 ||| PLANNING D:1-11
    70 | D:1      | Reached XP level 2. HP: 19/19 MP: 2/2
   116 | D:1      | 116 ||| Stepping ~*~*~tactically~*~*~ (stealth).
   155 | D:1      | 155 ||| Stepping ~*~*~tactically~*~*~ (stealth).
   161 | D:1      | Reached skill level 3 in Axes
   163 | D:1      | 163 ||| Stepping ~*~*~tactically~*~*~ (stealth).
   209 | D:1      | Reached XP level 3. HP: 23/23 MP: 3/3
   264 | D:1      | 264 ||| Stepping ~*~*~tactically~*~*~ (stealth).
   373 | D:1      | 373 ||| Stepping ~*~*~tactically~*~*~ (hiding).
   460 | D:1      | HP: 5/23 [goblin/+0 club (2)]
   463 | D:1      | Slain by a gnoll

Levels and vault maps discovered:
D:1:      co_arrival_square_in_a_square_in_a_square, layout_loops_cross,
          ebering_ecumenical_altar_box, minmay_hexomino_c4

Skill      XL: |  1  2 |
---------------+-------+-----
Axes           | 2 3 |  3.4
Fighting       | |  3.2
Armour         | |  3.2
Shields        | |  3.2

Action                     || total
---------------------------++-------
  Melee: War axe           ||    59
  Throw: Boomerang         ||    31
 Armour: Scale mail        ||    56
  Dodge: Dodged            ||    33
  Block: Buckler           ||     8

Table legend:
 A = Non-vault XP
 B = Vault XP
 C = Vault XP percentage of total XP
 D = Non-vault monster count
 E = Vault monster count
 F = Vault count percentage of total count
                 A         B        C        D         E       F
            +---------+---------+-------+---------+---------+-------
      Total |      36 |      20 |  35.7 |      19 |      10 |  34.5
            +---------+---------+-------+---------+---------+-------
        D:1 |      36 |      20 |  35.7 |      19 |      10 |  34.5
            +---------+---------+-------+---------+---------+-------
